 Dungeon Crawl Stone Soup version 0.25-a0-164-gb55e97dba5 (webtiles) character file.

Game seed: 6438809746133624708, levelgen mode: deterministic

13155 Leeroy the Destroyer (level 11, -3/86 HPs)
             Began as a Yellow Draconian Conjurer on Nov 22, 2019.
             Was a High Priest of Okawaru.
             Slain by a spiny frog (16 damage)
             ... on level 3 of the Lair of Beasts.
             The game lasted 00:39:27 (19477 turns).

Leeroy the Destroyer (Yellow Draconian Conjurer)   Turns: 19477, Time: 00:39:28

Health: -3/86      AC: 13    Str: 19    XL:     11   Next: 71%
Magic:  18/18      EV: 12    Int: 17    God:    Okawaru [*****.]
Gold:   730        SH:  0    Dex: 13    Spells: 2/20 levels left

rFire    . . .     SeeInvis .   U - +0 great sword
rCold    . . .     Gourm    .   (shield currently unavailable)
rNeg     . . .     Faith    .   (armour unavailable)
rPois    .         Spirit   .   o - +1 hat
rElec    .         Reflect  .   S - +1 cloak
rCorr    +         Harm     .   B - +2 pair of gloves {Str+3}
MR       .....                  (no boots)
Stlth    +++.......             L - amulet of the acrobat
HPRegen  0.24/turn              D - -3 ring of evasion (curse)
MPRegen  0.16/turn              a - ring of stealth

@: mighty
A: spit acid, unfitting armour, cold-blooded, acid resistance, AC +7
a: Breathe Acid, Heroism, Finesse, Renounce Religion


You were on level 3 of the Lair of Beasts.
You worshipped Okawaru.
Okawaru was extremely pleased with you.
You were not hungry.

You visited 4 branches of the dungeon, and saw 16 of its levels.
You also visited: Sewer.

You collected 887 gold pieces.
You spent 157 gold pieces at shops.

Inventory:

Hand Weapons
 e - a +1 hand axe of electrocution
 K - a +0 scimitar of flaming
 R - a +2 quarterstaff of chaos
 U - a +0 great sword (weapon)
 X - a +2 trident of holy wrath
Missiles
 c - 27 poisoned darts (quivered)
 h - 352 stones
 j - 19 boomerangs
 A - 5 datura-tipped darts
Armour
 o - a +1 hat (worn)
 B - a +2 pair of gloves of strength (worn)
 S - a +1 cloak (worn)
Magical Staves
 q - an uncursed staff of energy
 P - an uncursed staff of summoning {unknown}
Jewellery
 a - a ring of stealth (right hand)
 t - a +1 ring of protection
 y - an uncursed ring of resist corrosion {unknown}
 D - a cursed -3 ring of evasion (left hand)
 G - an uncursed ring of flight
 L - an amulet of the acrobat (around neck)
 M - an uncursed amulet of the gourmand {unknown}
 N - a cursed ring of teleportation {unknown}
 W - an uncursed amulet of the acrobat
Wands
 f - a wand of acid (11)
 g - a wand of paralysis (5)
 w - a wand of random effects (38)
 I - a wand of flame (22)
Scrolls
 d - a scroll of fog {unknown}
 i - 11 scrolls of teleportation
 k - a scroll of fear {unknown}
 p - a scroll of remove curse {unknown}
 s - 3 scrolls of amnesia
 x - a scroll of enchant armour
 z - a scroll of enchant weapon {unknown}
 C - a scroll of summoning {unknown}
 E - a scroll of silence {unknown}
 H - 3 scrolls of magic mapping
 Y - a scroll of blinking
 Z - a scroll of noise {unknown}
Potions
 l - 2 potions of flight {unknown}
 m - 3 potions of might
 n - 3 potions of berserk rage
 r - 2 potions of degeneration {unknown}
 u - a potion of brilliance {unknown}
 F - a potion of ambrosia {unknown}
 J - a potion of cancellation {unknown}
 Q - 2 potions of curing
 V - a potion of mutation {unknown}
Miscellaneous
 O - a crystal ball of energy
Comestibles
 b - 18 rations
 T - 4 chunks of flesh


   Skills:
 - Level 5.1 Fighting
 + Level 10.5 Long Blades
 - Level 6.0 Dodging
 - Level 1.7 Stealth
 - Level 5.2 Spellcasting
 - Level 11.0 Conjurations
 - Level 8.0 Invocations


You had 2 spell levels left.
You knew the following spells:

 Your Spells              Type           Power        Failure   Level  Hunger
b - Searing Ray           Conj           #####.       1%          2    #......
c - Dazzling Spray        Conj/Hex       ###...       4%          3    ###....
d - Iskenderun's Mystic   Conj           #####...     1%          4    ####...
e - Fireball              Conj/Fire      ###.......   38%         5    ######.
f - Sticky Flame          Conj/Fire      ###.....     14%         4    ####...

Your spell library contained the following spells:

 Spells                   Type           Power        Failure   Level  Hunger
 Flame Tongue             Conj/Fire      ###..        1%          1    None
 Magic Dart               Conj           ####         1%          1    None
 Throw Flame              Conj/Fire      ###...       2%          2    #......
 Animate Skeleton         Necr           N/A          14%         1    None
 Apportation              Tloc           #.....       14%         1    None
 Beastly Appendage        Tmut           #.....       14%         1    None
 Confusing Touch          Hex            #.....       14%         1    None
 Corona                   Hex            #......      14%         1    None
 Summon Small Mammal      Summ           #...         14%         1    None
 Ensorcelled Hibernation  Hex/Ice        #.....       22%         2    #......
 Sticks to Snakes         Tmut           #.......     22%         2    #......
 Conjure Flame            Conj/Fire      ###.....     4%          3    ###....
 Force Lance              Conj/Tloc      ###.....     14%         4    ####...
 Fulminant Prism          Conj/Hex       ###.......   14%         4    ####...
 Confuse                  Hex            #.......     38%         3    ###....
 Inner Flame              Hex/Fire       #.......     38%         3    ###....
 Spider Form              Tmut/Pois      #.........   38%         3    ###....
 Tukima's Dance           Hex            #.......     38%         3    ###....
 Ice Form                 Ice/Tmut       #.......     80%         4    ####...
 Blade Hands              Tmut           #.........   98%         5    ######.


Dungeon Overview and Level Annotations

Branches:
Dungeon (11/15)            Temple (1/1) D:5            Lair (3/6) D:11
 Spider (1/4) Lair:2        Sewer (visited)
  Swamp: Lair:2-4    Shoals: Lair:2-4       Orc: D:9-12

Altars:
Ashenzari
Cheibriados
Dithmenos
Elyvilon
Fedhas
Gozag
Hepliaklqana
Kikubaaqudgha
Makhleb
Nemelex Xobeh
Okawaru
Qazlal
Ru
Sif Muna
Trog
Uskayaw
Vehumet
Wu Jian
Xom
Yredelemnul
Zin
The Shining One

Shops:
D:4 [   D:6 *

Annotations:
D:4 1 runed translucent door, Thantalas's ghost, novice CeHu
D:11 Urug


Innate Abilities, Weirdness & Mutations

You can spit globs of acid.
Your golden yellow scales are hard. (AC +7)
You cannot fit into any form of body armour.
You are cold-blooded and may be slowed by cold attacks.
You are resistant to acid. (rCorr)


Message History

You are lethally poisoned!
The spiny frog poisons you!
Casting: Searing Ray (safe; 1% risk of failure)
Confirm with . or Enter, or press ? or * to list all spells.
Okay, then.
It was a potion of might.
You feel very mighty all of a sudden.
You feel very sick. The spiny frog stings you!
* * * LOW HITPOINT WARNING * * *
You closely miss the spiny frog. You tail-slap the spiny frog.
The spiny frog is lightly wounded.
* * * LOW HITPOINT WARNING * * *
You feel very sick. The spiny frog stings you!
* * * LOW HITPOINT WARNING * * *
You are more poisoned.
The spiny frog poisons you! The spiny frog closely misses you.
It was a potion of curing.
You feel better. The spiny frog stings you!
You die...

,**...#.P#...###.#
,**#.............##
,,,..#.###...###.P#
,,,***** #...###.#*
,*** ##....P..# ,*
#........## ,*
##.###.../# ,* ###
##..## ,* ##@# ,**
#.F#* ,,* *#..P*
,** *.#..# ******
##..## ,**,,*****
**..# ,,,,,,,,,*
*,#.#*
,,,,,,,,,******...*
,,,,,,,,,,,,*,**,,*


You could see a spiny frog.

Vanquished Creatures
  2 two-headed ogres (D:8)
  Erica (Lair:1)
  An unseen horror (D:9)
  Joseph (D:7)
  2 spiny frogs
  2 komodo dragons
  A jumping spider (Lair:2)
  Prince Ribbit (D:5)
  3 hippogriffs
  10 yaks
  Grum (D:10)
  Sigmund (D:4)
  Eustachio (D:5)
  A basilisk (Lair:1)
  6 water moccasins
  A soldier ant (D:10)
  2 porcupines
  4 ice beasts
  2 orc warriors
  2 black bears
  4 ogres
  6 sky beasts
  3 centaurs
  4 wolves (D:9)
  A big kobold (D:10)
  4 crocodiles
  Blork the orc (D:5)
  13 bullfrogs
  2 water moccasin zombies
  4 scorpions
  4 killer bees (D:8)
  An electric eel (Lair:3)
  2 howler monkeys (D:9)
  2 crimson imps (D:5)
  A bullfrog zombie (D:10)
  4 hounds
  A jelly (D:10)
  3 orc priests
  Crazy Yiuf (D:7)
  10 orc wizards
  A centaur skeleton (D:4)
  Jessica (D:2)
  A bullfrog skeleton (D:4)
  3 iguanas
  8 worker ants
  A hound zombie (D:5)
  A hound skeleton (D:6)
  A worker ant zombie (D:10)
  A howler monkey skeleton (D:6)
  A gnoll (D:1)
  18 adders
  5 shadow imps
  An ooze (D:2)
  4 adder zombies
  An adder skeleton (D:7)
  2 worms
  2 dart slugs
  12 leopard geckos
  32 orcs
  10 giant cockroaches
  6 hobgoblins
  13 jackals
  5 quokkas
  2 ball pythons
  7 bats
  8 frilled lizards
  2 goblins
  A jackal zombie (D:5)
  9 kobolds
  A leopard gecko skeleton (D:8)
  7 rats
283 creatures vanquished.

Vanquished Creatures (others)
  An orc wizard (D:4)
  2 fungi (D:11)
  2 withered plants (D:4)
5 creatures vanquished.

Grand Total: 288 creatures vanquished

Notes
Turn   | Place    | Note
-------+----------+-------------------------------------------
     0 | D:1      | Leeroy the Draconian Conjurer began the quest for the Orb.
     0 | D:1      | Reached XP level 1. HP: 14/14 MP: 3/3
   211 | D:1      | Reached XP level 2. HP: 16/20 MP: 5/5
   290 | D:1      | Learned a level 2 spell: Searing Ray
   716 | D:2      | Reached XP level 3. HP: 19/26 MP: 6/6
  1158 | D:2      | Noticed Jessica
  1168 | D:2      | Killed Jessica
  1168 | D:2      | Reached XP level 4. HP: 33/33 MP: 7/7
  1492 | D:2      | Found a white marble altar of Elyvilon.
  1872 | D:3      | Found a glowing golden altar of the Shining One.
  1926 | D:3      | Found a glowing drain.
  1956 | Sewer    | Entered a sewer
  2284 | Sewer    | Reached XP level 5. HP: 29/38 MP: 8/8
  2701 | Sewer    | Learned a level 3 spell: Dazzling Spray
  2745 | Sewer    | Reached skill level 5 in Dodging
  2906 | Sewer    | Reached XP level 6. HP: 29/45 MP: 9/9
  3210 | D:3      | Reached skill level 1 in Fighting
  3279 | D:3      | Found a faded altar of an unknown god.
  3941 | D:4      | Found Wiefom's Antique Armour Boutique.
  3959 | D:4      | Found a sparkling altar of Nemelex Xobeh.
  4206 | D:4      | Noticed Sigmund
  4234 | D:4      | Killed Sigmund
  4234 | D:4      | Your scales start taking on a golden yellow colour.
  4234 | D:4      | Reached XP level 7. HP: 58/60 MP: 1/10
  4234 | D:4      | Gained mutation: You are resistant to acid. (rCorr) [Yellow
                  | Draconian growth]
  4286 | D:4      | Reached skill level 5 in Fighting
  4676 | D:4      | Found a runed translucent door.
  4676 | D:4      | Noticed Thantalas's ghost (novice CeHu)
  4979 | D:5      | Entered Level 5 of the Dungeon
  5083 | D:5      | Reached skill level 5 in Conjurations
  5129 | D:5      | Noticed Eustachio
  5138 | D:5      | Killed Eustachio
  5138 | D:5      | Reached skill level 6 in Conjurations
  5138 | D:5      | Reached XP level 8. HP: 65/68 MP: 7/11
  5148 | D:5      | Learned a level 4 spell: Iskenderun's Mystic Blast
  5166 | D:5      | Noticed Blork the orc
  5183 | D:5      | Killed Blork the orc
  5220 | D:5      | Found a shadowy altar of Dithmenos.
  5270 | D:5      | Reached skill level 7 in Conjurations
  5462 | D:5      | Noticed Prince Ribbit
  5476 | D:5      | Killed Prince Ribbit
  5671 | D:5      | Reached skill level 8 in Conjurations
  5683 | D:5      | Found a staircase to the Ecumenical Temple.
  5692 | Temple   | Entered the Ecumenical Temple
  5862 | Temple   | Became a worshipper of Warmaster Okawaru
  6260 | D:4      | Bought a pair of glowing gloves for 157 gold pieces
  6554 | D:6      | Reached skill level 9 in Conjurations
  6744 | D:6      | Found Xeinn's General Store.
  7057 | D:6      | Reached XP level 9. HP: 13/74 MP: 6/12
  7556 | D:7      | Reached skill level 10 in Conjurations
  7571 | D:7      | Reached * piety under Okawaru
  7573 | D:7      | Found a hide-covered altar of Uskayaw.
  7656 | D:7      | Noticed Joseph
  7667 | D:7      | Found a sparkling altar of Nemelex Xobeh.
  7712 | D:7      | Killed Joseph
  8180 | D:6      | Reached skill level 11 in Conjurations
  8442 | D:7      | Reached ** piety under Okawaru
  8493 | D:7      | Found a runed translucent door.
  8530 | D:7      | Noticed Crazy Yiuf
  8535 | D:7      | Killed Crazy Yiuf
  9050 | D:8      | Reached skill level 5 in Spellcasting
  9070 | D:8      | Reached skill level 1 in Invocations
  9841 | D:8      | Reached XP level 10. HP: 67/81 MP: 17/17
  9858 | D:8      | Noticed a two-headed ogre
 10056 | D:8      | Killed a two-headed ogre
 10056 | D:8      | Reached *** piety under Okawaru
 10056 | D:8      | Reached skill level 5 in Invocations
 10917 | D:8      | Noticed a two-headed ogre
 10928 | D:8      | Killed a two-headed ogre
 11783 | D:9      | Reached skill level 1 in Long Blades
 11832 | D:9      | HP: 1/81 [yak (13)]
 12583 | D:9      | Learned a level 5 spell: Fireball
 12588 | D:9      | Learned a level 4 spell: Sticky Flame
 12618 | D:10     | Entered Level 10 of the Dungeon
 12793 | D:10     | Noticed Grum
 12811 | D:9      | Reached skill level 5 in Long Blades
 12965 | D:9      | Reached **** piety under Okawaru
 13443 | D:10     | Killed Grum
 13779 | D:10     | Reached XP level 11. HP: 51/86 MP: 18/18
 14604 | D:9      | Noticed an unseen horror
 14633 | D:9      | Killed an unseen horror
 15985 | D:11     | Noticed Urug
 16080 | D:11     | Found a staircase to the Lair.
 16248 | Lair:1   | Entered Level 1 of the Lair of Beasts
 16775 | Lair:1   | Noticed Erica
 16794 | Lair:1   | Killed Erica
 18512 | Lair:2   | Found a hole to the Spider Nest.
 18517 | Lair:2   | Reached ***** piety under Okawaru
 18522 | Spider:1 | Entered Level 1 of the Spider Nest
 18577 | Lair:2   | Reached skill level 10 in Long Blades
 19477 | Lair:3   | Slain by a spiny frog

Levels and vault maps discovered:
D:1:      kennysheep_arrival_forest, layout_loops_cross, serial_rivers,
          chequers_serial_rivers_micro_e, chequers_serial_rivers_room_a,
          chequers_serial_rivers_micro_d, chequers_serial_rivers_marsh
D:2:      layout_loops_ring, elyvilon_altar_3, grunt_decor_mini_mirrors,
          uniq_jessica
D:3:      layout_loops_ring, chequers_ecumenical_altar_island, first_ration,
          portal_sewer_entry_f, minmay_misc_feat_enclosed, tso_metal_star
D:4:      layout_basic, nemelex_xobeh_ov_fountains_minmay, serial_shops, shop,
          gammafunk_ghost_grave, uniq_sigmund
D:5:      layout_basic, nicolae_overflow_crystal_walls,
          minmay_temple_entry_nine_rooms, uniq_prince_ribbit1,
          uniq_blork_the_orc, uniq_eustachio
D:6:      layout_basic, serial_shops, shop_statue
D:7:      layout_rooms, marbit_many_paths, grunt_ogre_cave,
          serial_park_tiny_pond, minivault_1, nemelex_spade_bored_becter,
          uniq_joseph, uniq_crazy_yiuf_cottage
D:8:      layout_basic
D:9:      layout_small_grid
D:10:     layout_gridville, minivault_23, uniq_grum
D:11:     layout_roguey, grunt_lair_entry_orc_guard_hut, uniq_urug
Temple:   dpeg_five_rooms_temple
Lair:1:   layout_chaotic_city, uniq_erica
Lair:2:   wander_river, layout_cave_pods, spider_nest_entry_rubble,
          minmay_holes, st_stairs_6, chequers_serial_rivers_small_b
Lair:3:   layout_gridlike
Spider:1: layout_spider_delve, special_room, nicolae_spider_nook, uniq_donald,
          uniq_roxanne

Skill      XL: |  1  2  3  4  5  6  7  8  9 10 11 |
---------------+----------------------------------+-----
Dodging        | 2 3 4 6 |  6.0
Fighting       | 4 5 |  5.1
Conjurations   | 6 9 11 | 11.0
Spellcasting   | 5 |  5.2
Invocations    | 2 8 |  8.0
Long Blades    | 5 10 | 10.5
Stealth        | |  1.7

Action                   |  1- 3 |  4- 6 |  7- 9 | 10-12 || total
-------------------------+-------+-------+-------+-------++-------
Melee: Hand axe          |    56 |   166 |   360 |    65 ||   647
       Unarmed           |     7 |       |       |       ||     7
       Tailslap          |    10 |    13 |    43 |    88 ||   154
       Staff             |       |    10 |       |       ||    10
       Punch             |       |       |     1 |     1 ||     2
       Long sword        |       |       |       |   313 ||   313
       Great sword       |       |       |       |   104 ||   104
       Rapier            |       |       |       |     2 ||     2
Throw: Dart              |       |       |       |     3 ||     3
 Cast: Magic Dart        |       |     4 |       |       ||     4
       Searing Ray       |       |     4 |       |     5 ||     9
       Dazzling Spray    |       |     1 |     7 |     5 ||    13
       Iskenderun's Myst |       |       |    10 |    30 ||    40
       Sticky Flame      |       |       |       |    10 ||    10
       Fireball          |       |       |       |     4 ||     4
Invok: Heroism           |       |       |     1 |     6 ||     7
 Abil: Breathe Acid      |       |       |     3 |     5 ||     8
Evoke: Wand              |       |       |       |     1 ||     1
  Use: Potion            |       |       |       |     6 ||     6
       Scroll            |       |       |       |    11 ||    11
 Stab: Sleeping          |     3 |     1 |     5 |     5 ||    14
       Invisible         |       |       |     2 |       ||     2
       Distracted        |       |       |       |     1 ||     1
  Eat: Chunk             |     1 |    10 |    18 |    29 ||    58
       Ration            |       |       |     1 |     4 ||     5
Armor: Skin              |    17 |    67 |   118 |   246 ||   448
Dodge: Dodged            |    43 |   185 |   315 |   532 ||  1075
       Rpst.: Long sword |       |       |       |   100 ||   100
       Great sword       |       |       |       |    24 ||    24

Table legend:
 A = Non-vault XP
 B = Vault XP
 C = Vault XP percentage of total XP
 D = Non-vault monster count
 E = Vault monster count
 F = Vault count percentage of total count
                 A         B        C        D         E       F
            +---------+---------+-------+---------+---------+-------
      Total |   14383 |    4411 |  23.5 |     238 |      46 |  16.2
            +---------+---------+-------+---------+---------+-------
        D:1 |      33 |       0 |   0.0 |      11 |       0 |   0.0
        D:2 |      53 |      37 |  41.1 |      16 |       1 |   5.9
        D:3 |      89 |      12 |  11.9 |      25 |       4 |  13.8
        D:4 |     252 |     197 |  43.9 |      18 |       1 |   5.3
        D:5 |     702 |     555 |  44.2 |      20 |       3 |  13.0
        D:6 |     666 |       0 |   0.0 |      17 |       0 |   0.0
        D:7 |    1093 |     587 |  34.9 |      17 |       4 |  19.0
        D:8 |    3580 |       0 |   0.0 |      36 |       0 |   0.0
        D:9 |    2331 |     474 |  16.9 |      17 |       4 |  19.0
       D:10 |    1405 |     331 |  19.1 |      28 |       2 |   6.7
       D:11 |     574 |     538 |  48.4 |      14 |       5 |  26.3
     Lair:1 |    1743 |     886 |  33.7 |       9 |       1 |  10.0
     Lair:2 |    1090 |     504 |  31.6 |       5 |       2 |  28.6
     Lair:3 |     772 |       0 |   0.0 |       5 |       0 |   0.0
      Sewer |       0 |     290 | 100.0 |       0 |      19 | 100.0
            +---------+---------+-------+---------+---------+-------
